[Event "Team 45 45 League T26"]
[Site "Internet Chess Club"]
[Date "2005.04.02"]
[Round "3"]
[White "camembert"]
[Black "trevor21"]
[Result "0-1"]
[WhiteElo "1844"]
[BlackElo "2098"]
[TimeControl "2700+45"]

1. e4 e6 2. d4 d5 3. Nc3 Bb4 4. Bd2 Nf6 5. e5 Nfd7 6. Qg4 g6 7. a3 Be7 8. f4 c5
9. Nf3 Nc6 10. Be3 Qb6 11. O-O-O c4 12. h4 h5 13. Qh3 Qa6 14. g4 b5 15. gxh5
Rxh5 16. Ng5 b4 17. axb4 Bxb4 18. Be2 Rh8 19. h5 Qa1+ 20. Nb1 c3 {White resigns}
0-1

[Event "Team 45 45 League T26"]
[Site "Internet Chess Club"]
[Date "2005.04.04"]
[Round "3"]
[White "mickeys"]
[Black "six-killer"]
[Result "1/2-1/2"]
[WhiteElo "1675"]
[BlackElo "1781"]
[TimeControl "2700+45"]

1. d4 Nf6 2. c4 e6 3. Nf3 Bb4+ 4. Bd2 Qe7 5. g3 Nc6 6. Bg2 Bxd2+ 7. Nbxd2 d6 8.
O-O O-O 9. Qc2 e5 10. d5 Nb8 11. b4 a5 12. b5 Bd7 13. a4 c6 14. e4 cxd5 15. cxd5
Bg4 16. Rac1 Nbd7 17. Nb3 b6 18. Nfd2 Nc5 19. Nxc5 Rac8 20. Ndb3 dxc5 21. Qc4
Ne8 22. Nd2 Nd6 23. Qd3 Qd7 24. Nc4 Nxc4 25. Rxc4 Rcd8 26. f4 exf4 27. gxf4 f6
28. Rc2 Qc7 29. Re1 Qxf4 30. h3 Bh5 31. Rf1 Qd6 32. Re1 Bg6 33. Qc4 Rde8 34.
Rce2 Re5 35. Qc3 Rfe8 36. Qg3 Qe7 37. Qd3 Qd6 38. Qg3 Qe7 39. Qd3 Qd6 {Game
drawn by mutual agreement} 1/2-1/2

[Event "Team 45 45 League T26"]
[Site "Internet Chess Club"]
[Date "2005.04.01"]
[Round "3"]
[White "jmc860"]
[Black "nursey"]
[Result "1-0"]
[WhiteElo "1588"]
[BlackElo "1597"]
[TimeControl "2700+45"]

1. e4 e5 2. Nf3 Nc6 3. Bc4 Bc5 4. b4 Bxb4 5. c3 Be7 6. d4 Na5 7. Be2 Nf6 8. Nbd2
exd4 9. Nxd4 O-O 10. Bd3 Re8 11. O-O Nc6 12. Nf5 d6 13. Ng3 Ne5 14. Be2 Be6 15.
Nf3 Nxf3+ 16. Bxf3 Bc4 17. Re1 a6 18. Qd4 b5 19. Nf5 Rb8 20. Bg5 c6 21. Nxe7+
Qxe7 22. Bxf6 Qxf6 23. Qxf6 gxf6 24. a3 a5 25. a4 b4 26. cxb4 Rxb4 27. g3 Rb2
28. Reb1 Reb8 29. Rxb2 Rxb2 30. Rd1 Bb3 31. Rxd6 Bxa4 32. Rxf6 Kg7 33. e5 c5 34.
Ra6 c4 35. Rxa5 Bb3 36. Rc5 Rc2 37. Be4 Re2 38. Bf3 Rc2 39. Bd5 h6 40. e6 fxe6
41. Bxe6 Kf6 42. Rc6 Ke5 43. f4+ Kd4 44. f5 Ke5 45. Bg8 Ke4 46. f6 Kf3 47. Bd5+
Kg4 48. f7 Rc1+ 49. Kf2 Rc2+ 50. Ke3 Rc3+ 51. Kd4 Rd3+ 52. Kc5 Rxd5+ 53. Kxd5
c3+ 54. Kd4 Bxf7 55. Rxc3 Be6 56. Ke5 Bf7 57. Kf6 Bd5 58. Rc5 Be4 59. Re5 Bb7
60. Kg6 h5 61. Rxh5 Be4+ 62. Kh6 {Black resigns} 1-0

[Event "Team 45 45 League T26"]
[Site "Internet Chess Club"]
[Date "2005.04.02"]
[Round "3"]
[White "mal57"]
[Black "Rainbird"]
[Result "0-1"]
[WhiteElo "1435"]
[BlackElo "1618"]
[TimeControl "2700+45"]

1. c4 e6 2. Nc3 d5 3. cxd5 exd5 4. d4 c6 5. Nf3 Nf6 6. Bg5 Be7 7. e3 O-O 8. Bd3
Re8 9. O-O Nbd7 10. Re1 Nf8 11. Ne5 h6 12. Bxf6 Bxf6 13. Ng4 Bxg4 14. Qxg4 Qb6
15. Na4 Qc7 16. Nc3 Rad8 17. Rad1 Qd7 18. Bf5 Qd6 19. Ne2 Ne6 20. Ng3 Qb4 21.
Nh5 Qe7 22. Ng3 Ng5 23. Bc2 g6 24. h4 h5 25. Qe2 Ne4 26. Nxe4 dxe4 27. g3 Kg7
28. f3 exf3 29. Qxf3 Qe6 30. Bb3 Qe4 31. Qe2 Bxd4 32. Bc2 Bxe3+ 33. Kh2 Bg1+ 34.
Kxg1 Qxe2 35. Rf1 Qxc2 {White resigns} 0-1

[Event "Team 45 45 League T26"]
[Site "Internet Chess Club"]
[Date "2005.04.04"]
[Round "3"]
[White "doobedoo"]
[Black "DTK"]
[Result "1-0"]
[WhiteElo "1746"]
[BlackElo "1978"]
[TimeControl "2700+45"]

1. e4 c5 2. Nf3 d6 3. d4 cxd4 4. Nxd4 Nf6 5. Nc3 g6 6. Be3 Bg7 7. f3 Nc6 8. Qd2
O-O 9. Bc4 Bd7 10. O-O-O Qa5 11. Bb3 Rfc8 12. h4 Ne5 13. g4 Rc4 14. Bxc4 Nxc4
15. Qd3 Qb4 16. Nb3 Nxe4 17. fxe4 Bxc3 18. Bd4 Nxb2 19. Qxc3 Qxc3 20. Bxc3 Nxd1
21. Kxd1 Bxg4+ 22. Kd2 f6 23. a4 Rc8 24. a5 a6 25. Re1 Kf7 26. Bd4 e5 27. Bb6
Ke6 28. Re3 f5 29. exf5+ gxf5 30. Nd4+ Kd5 31. Nf3 h6 32. Ne1 f4 33. Rb3 Bf5 34.
Bg1 Rc7 35. Nd3 Ke6 36. Rb6 Be4 37. Nc5+ Kd5 38. c4+ Kxc4 39. Nxe4 Rg7 40. Bf2
Kd5 41. Kd3 {Black resigns} 1-0

[Event "Team 45 45 League T26"]
[Site "Internet Chess Club"]
[Date "2005.04.04"]
[Round "3"]
[White "SeniorCitizen"]
[Black "gessie7"]
[Result "0-1"]
[WhiteElo "1402"]
[BlackElo "1469"]
[TimeControl "2700+45"]

1. e4 c5 2. Nf3 Nc6 3. d4 cxd4 4. Nxd4 Nxd4 5. Qxd4 e5 6. Qxe5+ Ne7 7. Nc3 d6 8.
Qd4 Nc6 9. Bb5 Bd7 10. Bxc6 Bxc6 11. O-O f6 12. Bf4 Be7 13. Nd5 Bxd5 14. Qxd5
Qc7 15. c4 Rc8 16. b3 a6 17. Rad1 Qb6 18. Rd2 Rc5 19. Qe6 Rc6 20. Rfd1 d5 21.
Qxd5 Re6 22. Qd7+ Kf7 23. Qd5 Rd8 24. Qh5+ Kg8 25. Rxd8+ Bxd8 26. Qd5 Be7 27.
Be3 Qc6 28. Qxc6 bxc6 29. f3 f5 30. Kf2 fxe4 31. fxe4 Rxe4 32. Kf3 Re6 33. Rd7
h6 34. Ra7 Rxe3+ 35. Kxe3 Bc5+ 36. Ke4 Bxa7 37. Ke5 Bb8+ 38. Ke6 Bxh2 39. c5 a5
40. Kd7 Kf7 41. Kxc6 Be5 42. Kb5 Bc3 43. c6 Ke6 44. c7 Kd7 45. Kb6 Kc8 46. a3 g5
47. b4 axb4 {White resigns} 0-1

[Event "Team 45 45 League T26"]
[Site "Internet Chess Club"]
[Date "2005.04.04"]
[Round "3"]
[White "reijo"]
[Black "Traho"]
[Result "1-0"]
[WhiteElo "1464"]
[BlackElo "1287"]
[TimeControl "2700+45"]

1. d4 d5 2. c4 c6 3. Nc3 Bf5 4. Nf3 e6 5. e3 Nd7 6. c5 h6 7. Bd3 Bg4 8. O-O Ngf6
9. h3 Bh5 10. Re1 b6 11. b4 b5 12. Be2 Bg6 13. Nd2 Be7 14. Nb3 O-O 15. Na5 Qc7
16. a4 a6 17. Bd3 Ne4 18. Qc2 f5 19. Ne2 e5 20. Bb2 Ng5 21. dxe5 Nxe5 22. Nf4
Nxd3 23. Qxd3 Bf6 24. Bxf6 Rxf6 25. Nxd5 Qf7 26. Nxf6+ Qxf6 27. Qd6 Rd8 28. Qxf6
gxf6 29. Nxc6 Re8 30. axb5 axb5 31. Nd4 Ne6 32. Nxb5 Rb8 33. Nd4 Nd8 34. b5 Nb7
35. c6 Nd6 36. Rab1 Nxb5 37. Rxb5 {Black resigns} 1-0

[Event "Team 45 45 League T26"]
[Site "Internet Chess Club"]
[Date "2005.04.02"]
[Round "3"]
[White "ratty"]
[Black "f5"]
[Result "1-0"]
[WhiteElo "2277"]
[BlackElo "2284"]
[TimeControl "2700+45"]

1. f4 c5 2. Nf3 Nc6 3. g3 d5 4. Bg2 Nf6 5. O-O g6 6. d3 Bg7 7. Qe1 d4 8. a4 O-O
9. Na3 Nd5 10. Bd2 e5 11. fxe5 Nxe5 12. Nxe5 Bxe5 13. Bh6 Bg7 14. Bxg7 Kxg7 15.
Nc4 Be6 16. e4 Nb4 17. Na3 Qe7 18. Qe2 Rad8 19. Rad1 h5 20. h3 Qd7 21. Kh2 Qxa4
22. Qf2 Qd7 23. Qf6+ Kg8 24. Qg5 b6 25. Rf6 Kg7 26. Rdf1 Nc6 27. e5 Ne7 28. Be4
Bxh3 29. R1f4 Be6 30. Nb5 Bf5 31. Bxf5 Nxf5 32. R4xf5 Qxb5 33. e6 {Black
resigns} 1-0

[Event "Team 45 45 League T26"]
[Site "Internet Chess Club"]
[Date "2005.04.02"]
[Round "3"]
[White "ChessyStud"]
[Black "searchforbobby1"]
[Result "0-1"]
[WhiteElo "2062"]
[BlackElo "2135"]
[TimeControl "2700+45"]

1. e4 c5 2. Nf3 Nc6 3. d4 cxd4 4. Nxd4 Nf6 5. Nc3 e5 6. Ndb5 d6 7. Bg5 a6 8. Na3
Be6 9. Nc4 Rc8 10. Bxf6 Qxf6 11. Nxd6+ Bxd6 12. Qxd6 Rd8 13. Qc5 Nd4 14. Bd3 Qg5
15. Nd5 Bxd5 16. exd5 Qxg2 17. O-O-O Qxd5 18. Qb4 Qd6 19. Qxb7 O-O 20. c3 Rb8
21. Qe4 f5 22. Qe3 Rfc8 23. Rd2 Qd5 24. Rg1 Qxa2 25. Rxg7+ Kh8 26. Bb1 Nb3+ 27.
Kd1 Qxb1+ 28. Ke2 Nxd2 {White resigns} 0-1

[Event "Team 45 45 League T26"]
[Site "Internet Chess Club"]
[Date "2005.04.03"]
[Round "3"]
[White "iwulu"]
[Black "Apocalyptic"]
[Result "1-0"]
[WhiteElo "2092"]
[BlackElo "1957"]
[TimeControl "2700+45"]

1. d4 c5 2. d5 f5 3. g3 Nf6 4. Bg2 d6 5. Nh3 g6 6. O-O Bg7 7. c4 O-O 8. Nc3 a6
9. Bg5 Nbd7 10. Rc1 Rb8 11. a4 Ne5 12. b3 Bd7 13. Qd2 b5 14. axb5 axb5 15. cxb5
Bxb5 16. Nxb5 Rxb5 17. Nf4 Qb8 18. Ne6 Rc8 19. Bf4 Nfd7 20. Nxg7 Kxg7 21. Bh6+
Kg8 22. Bg5 Nf6 23. f4 Nf7 24. Qe3 Nxg5 25. fxg5 Ng4 26. Qe6+ Kf8 27. h3 Ne5 28.
g4 {Black resigns} 1-0

[Event "Team 45 45 League T26"]
[Site "Internet Chess Club"]
[Date "2005.04.06"]
[Round "3"]
[White "jpitt"]
[Black "ExclamMoves"]
[Result "1/2-1/2"]
[WhiteElo "2359"]
[BlackElo "2368"]
[TimeControl "2700+45"]

1. d4 d5 2. c4 c6 3. Nf3 Nf6 4. Nc3 a6 5. c5 Bf5 6. Qb3 Qc8 7. Bf4 Nbd7 8. h3 e6
9. e3 Be7 10. Be2 Bd8 11. Ne5 Bc7 12. g4 Bg6 13. h4 Nxe5 14. dxe5 Nd7 15. h5
Nxc5 16. Qd1 Be4 17. f3 Bxf3 18. Bxf3 Nd7 19. Rc1 Nxe5 20. h6 g6 21. Be2 Nd7 22.
Rf1 f6 23. Qd2 g5 24. Bxc7 Qxc7 25. Kd1 O-O-O 26. Kc2 Kb8 27. Kb1 Qh2 28. Na4
Rhe8 29. Rc2 Rc8 30. Qa5 Qxh6 31. Bxa6 bxa6 32. Nb6 Qg7 33. Nxc8 Rxc8 34. Qxa6
Ne5 35. Rc3 Qg6+ 36. Ka1 Kc7 37. Rb3 Kd7 38. Rb7+ Rc7 39. Rxc7+ Kxc7 40. Qa7+
{Game drawn by mutual agreement} 1/2-1/2

[Event "Team 45 45 League T26"]
[Site "Internet Chess Club"]
[Date "2005.04.05"]
[Round "3"]
[White "Zillmer"]
[Black "gringo"]
[Result "0-1"]
[WhiteElo "2134"]
[BlackElo "2226"]
[TimeControl "2700+45"]

1. e4 c5 2. Nc3 Nc6 3. f4 g6 4. Nf3 Bg7 5. Bc4 e6 6. f5 Nge7 7. fxe6 fxe6 8. d3
O-O 9. O-O d5 10. Bb3 Rb8 11. a4 a6 12. Qe1 c4 13. dxc4 dxc4 14. Bxc4 Rxf3 15.
Bxe6+ Bxe6 16. Rxf3 Nd4 17. Rf2 Qb6 18. Bg5 Nxc2 19. Qd2 Nxa1 20. Bxe7 Bd4 21.
Qf4 Bxf2+ 22. Kh1 {White resigns} 0-1

[Event "Team 45 45 League T26"]
[Site "Internet Chess Club"]
[Date "2005.04.06"]
[Round "3"]
[White "Milo"]
[Black "Sergio56"]
[Result "1-0"]
[WhiteElo "2314"]
[BlackElo "1924"]
[TimeControl "2700+45"]

1. e4 d5 2. exd5 Qxd5 3. Nc3 Qa5 4. d4 Nf6 5. Nf3 c6 6. Bc4 Bg4 7. h3 Bxf3 8.
Qxf3 e6 9. Bd2 Qc7 10. O-O-O Nbd7 11. g4 Nb6 12. Bb3 O-O-O 13. Bf4 Bd6 14. Bxd6
Rxd6 15. g5 Nfd5 16. Ne4 Rdd8 17. c4 Qf4+ 18. Qxf4 Nxf4 19. c5 Nbd5 20. Nd6+
Rxd6 21. cxd6 Rd8 22. Bxd5 Nxd5 23. Rhe1 Rxd6 24. Re4 Rd8 25. a3 Ne7 26. h4 Nf5
27. h5 g6 28. Rh1 Rd5 29. hxg6 hxg6 30. Rh7 Rd7 31. Rf4 Kc7 32. b4 a6 33. Kb2
Kb6 34. Kc3 Kb5 35. Re4 Kb6 36. Rxe6 Nxd4 37. Rf6 Nb5+ 38. Kb2 Nd6 39. Rxg6 Ne4
40. Rgg7 Rd2+ 41. Kc1 Rxf2 42. g6 Ng5 43. Rh5 Rf1+ 44. Kc2 Rf2+ 45. Kd1 {Black
resigns} 1-0

[Event "Team 45 45 League T26"]
[Site "Internet Chess Club"]
[Date "2005.04.02"]
[Round "3"]
[White "alastorx"]
[Black "ReelBigFish"]
[Result "1/2-1/2"]
[WhiteElo "1816"]
[BlackElo "1783"]
[TimeControl "2700+45"]

1. d4 f5 2. Nf3 Nf6 3. g3 g6 4. Bg2 Bg7 5. O-O O-O 6. Nbd2 d6 7. Re1 Ne4 8. c3
Qe8 9. Nh4 Qf7 10. Qb3 d5 11. f3 Nd6 12. f4 c6 {Game drawn by mutual agreement}
1/2-1/2

[Event "Team 45 45 League T26"]
[Site "Internet Chess Club"]
[Date "2005.04.02"]
[Round "3"]
[White "onslaught"]
[Black "gracey"]
[Result "1-0"]
[WhiteElo "2271"]
[BlackElo "2043"]
[TimeControl "2700+45"]

1. e4 e5 2. Nf3 Qe7 3. Nc3 Nf6 4. Bc4 h6 5. O-O d6 6. Re1 Bg4 7. d4 Nc6 8. Bb5
exd4 9. Qxd4 Bxf3 10. Bxc6+ bxc6 11. gxf3 Nd7 12. f4 Nb6 13. Bd2 Qh4 14. Qd3
O-O-O 15. a4 Nd7 16. Qa6+ Kb8 17. Be3 Qg4+ 18. Kf1 Qh3+ 19. Ke2 Qg4+ 20. f3 Qg2+
21. Bf2 Nc5 22. Qxc6 Ne6 23. Nb5 Nxf4+ 24. Ke3 Ne6 25. Bg3 Be7 26. Rg1 Qh3 27.
Ra3 Bg5+ 28. Kf2 Bd2 29. Rb3 {Black resigns} 1-0

[Event "Team 45 45 League T26"]
[Site "Internet Chess Club"]
[Date "2005.04.03"]
[Round "3"]
[White "matman"]
[Black "indiadar"]
[Result "0-1"]
[WhiteElo "1986"]
[BlackElo "1984"]
[TimeControl "2700+45"]

1. d4 Nf6 2. Nf3 d5 3. c4 e6 4. Nc3 Be7 5. Bg5 h6 6. Bh4 O-O 7. e3 b6 8. Bxf6
Bxf6 9. cxd5 exd5 10. Be2 Bf5 11. O-O c6 12. b4 Qd6 13. Qb3 Be6 14. Rac1 a6 15.
Na4 Nd7 16. Rc3 a5 17. Rfc1 Rfc8 18. Bb5 Qxb4 19. Rxc6 Rxc6 20. Rxc6 Qxb3 21.
axb3 Rb8 22. Rc7 Nf8 23. Kf1 Bd8 24. Rc1 Bd7 25. Nc3 Rc8 26. Bxd7 Nxd7 27. Ne1
Be7 28. Nd3 Ba3 {White resigns} 0-1

[Event "Team 45 45 League T26"]
[Site "Internet Chess Club"]
[Date "2005.04.03"]
[Round "3"]
[White "kikian"]
[Black "Scotty2Cues"]
[Result "1-0"]
[WhiteElo "2037"]
[BlackElo "1909"]
[TimeControl "2700+45"]

1. e4 d5 2. exd5 Nf6 3. d4 Nxd5 4. c4 Nf6 5. Nc3 Nc6 6. d5 Ne5 7. Qd4 Ng6 8. Be3
e5 9. Qd3 Bb4 10. O-O-O O-O 11. a3 Bxc3 12. Qxc3 Ne4 13. Qc2 Nd6 14. Bd3 b6 15.
h4 f5 16. h5 Ne7 17. h6 g6 18. Qc3 Nf7 19. f4 Qd6 20. fxe5 Qxe5 21. Bd4 Qf4+ 22.
Kb1 Nd6 23. Be5 Qg4 24. Nf3 Ne4 25. Bxe4 Qxe4+ 26. Ka1 f4 27. Bxc7 Qf5 {Black
resigns} 1-0

[Event "Team 45 45 League T26"]
[Site "Internet Chess Club"]
[Date "2005.04.01"]
[Round "3"]
[White "phoenix10q72"]
[Black "EdBorowski"]
[Result "1-0"]
[WhiteElo "2204"]
[BlackElo "2049"]
[TimeControl "2700+45"]

1. e4 e5 2. Bc4 Nf6 3. d3 Bc5 4. Nc3 O-O 5. f4 exf4 6. Bxf4 d6 7. Nf3 Nc6 8. Bg5
h6 9. Bh4 Nd4 10. Nd5 Nxf3+ 11. Qxf3 c6 12. Nxf6+ {Black resigns} 1-0

[Event "Team 45 45 League T26"]
[Site "Internet Chess Club"]
[Date "2005.04.02"]
[Round "3"]
[White "Ser-Enigma"]
[Black "jorobo"]
[Result "0-1"]
[WhiteElo "2027"]
[BlackElo "2178"]
[TimeControl "2700+45"]

1. e4 d6 2. d4 Nf6 3. Nc3 g6 4. f4 Bg7 5. Nf3 O-O 6. Bd3 Na6 7. O-O c5 8. d5 Rb8
9. a3 Nc7 10. a4 b6 11. Ne2 c4 12. Bxc4 Nxe4 13. Ned4 Bb7 14. Nc6 Bxc6 15. dxc6
d5 16. Qe2 Qd6 17. Rd1 Qc5+ {White resigns} 0-1

[Event "Team 45 45 League T26"]
[Site "Internet Chess Club"]
[Date "2005.03.31"]
[Round "3"]
[White "LadyLuck"]
[Black "Aldos"]
[Result "1/2-1/2"]
[WhiteElo "1925"]
[BlackElo "2030"]
[TimeControl "2700+45"]

1. d4 Nf6 2. Nf3 d6 3. e3 g6 4. Bd3 Bg7 5. O-O O-O 6. Nbd2 c5 7. c3 b6 8. Qc2
Bb7 9. Ne4 Nbd7 10. Nfd2 Rc8 11. Qb1 Nh5 12. b3 Qc7 13. a4 e5 14. Ba3 Rfe8 15.
Ra2 exd4 16. cxd4 f5 17. dxc5 dxc5 18. Bc4+ Kh8 19. Ng5 {Game drawn by mutual
agreement} 1/2-1/2

[Event "Team 45 45 League T26"]
[Site "Internet Chess Club"]
[Date "2005.04.02"]
[Round "3"]
[White "chesskilleruk"]
[Black "Rising"]
[Result "1/2-1/2"]
[WhiteElo "2226"]
[BlackElo "2314"]
[TimeControl "2700+45"]

1. e4 c5 2. Nc3 e6 3. f4 Nc6 4. Nf3 a6 5. a4 d5 6. d3 Nf6 7. Qe2 d4 8. Nb1 Be7
9. g3 O-O 10. Bg2 Rb8 11. O-O b5 12. axb5 axb5 13. Nbd2 Bb7 14. h3 Ra8 15. Rxa8
Qxa8 16. g4 Qa4 17. e5 Nd7 18. Ne4 c4 19. dxc4 bxc4 20. Rd1 Nc5 21. Nxc5 Bxc5
22. Kh1 Rd8 23. Ng5 Be7 24. f5 exf5 25. gxf5 Bxg5 26. Bxg5 Re8 27. Bf4 Qb5 28.
Bxc6 Qxc6+ 29. Kh2 {Game drawn by mutual agreement} 1/2-1/2

[Event "Team 45 45 League T26"]
[Site "Internet Chess Club"]
[Date "2005.04.02"]
[Round "3"]
[White "kostasgr"]
[Black "akdog3"]
[Result "1-0"]
[WhiteElo "2044"]
[BlackElo "2133"]
[TimeControl "2700+45"]

1. e4 e5 2. Nf3 Nc6 3. Bb5 f5 4. Nc3 fxe4 5. Nxe4 Nf6 6. Bxc6 dxc6 7. Nxf6+ Qxf6
8. Qe2 Be7 9. Qxe5 Bg4 10. Qxf6 Bxf6 11. a4 Bxf3 12. gxf3 O-O 13. O-O Rae8 14.
Ra3 Bd4 15. Rd3 Bc5 16. b3 Bd6 17. Re3 c5 18. Kg2 Bf4 19. Re4 Rd8 20. d3 Bd6 21.
Rfe1 Rf5 22. Re8+ Rxe8 23. Rxe8+ Kf7 24. Ra8 a6 25. Ra7 b6 26. Rxa6 Rf6 27. f4
Ke6 28. a5 bxa5 29. Rxa5 Rg6+ 30. Kf3 Rh6 31. f5+ {Black resigns} 1-0

[Event "Team 45 45 League T26"]
[Site "Internet Chess Club"]
[Date "2005.04.02"]
[Round "3"]
[White "Rainbird"]
[Black "ARONOVICH"]
[Result "1-0"]
[WhiteElo "1639"]
[BlackElo "1707"]
[TimeControl "2700+45"]

1. Nf3 b5 2. d4 Bb7 3. Bf4 Nf6 4. e3 a6 5. Nbd2 e6 6. Bd3 c5 7. c3 c4 8. Bc2 d5
9. O-O Be7 10. Re1 O-O 11. e4 Nh5 12. Bg3 Nxg3 13. hxg3 dxe4 14. Bxe4 Bxe4 15.
Nxe4 Nd7 16. Qe2 Rc8 17. Rad1 Nb6 18. Ned2 Na4 19. Rb1 Re8 20. Qe4 b4 21. cxb4
Bxb4 22. Qc2 Nb6 23. a3 Bd6 24. Ne5 Bxe5 25. dxe5 Re7 26. Rbd1 Qe8 27. Re4 Rec7
28. Rh4 g6 29. Nf3 c3 30. bxc3 Rxc3 31. Qd2 Qf8 32. Ng5 Rc2 33. Ne4 f5 34. Nf6+
Qxf6 35. exf6 Rxd2 36. Rxd2 Nd5 37. Ra4 Rc6 38. Rb2 Kf7 39. Rb7+ Kxf6 40. Ra7
Nc7 41. Rb4 Nb5 42. Rxh7 Nxa3 43. Ra4 Nb5 44. Rh8 Rc1+ 45. Kh2 Rc2 46. f3 g5 47.
Rxa6 Nd4 48. Kg1 Rc1+ 49. Kf2 f4 50. gxf4 gxf4 51. Ra7 Rc2+ 52. Ke1 Rxg2 53.
Rf8+ Ke5 54. Ra5+ Kd6 55. Rd8+ Ke7 56. Rxd4 Rb2 57. Rxf4 Rb1+ 58. Kf2 Rb2+ 59.
Kg3 Rb8 60. Rg4 Rb6 61. Re4 Kf6 62. Rae5 Rc6 63. Rxe6+ Rxe6 64. Rxe6+ Kxe6 65.
Kg4 Kf6 66. Kf4 Kg6 67. Ke5 Kf7 68. Kf5 Kg8 69. Ke6 Kg7 70. f4 Kh6 71. f5 Kh7
72. f6 Kg8 73. Ke7 {Black resigns} 1-0

[Event "Team 45 45 League T26"]
[Site "Internet Chess Club"]
[Date "2005.04.03"]
[Round "3"]
[White "jantonio"]
[Black "Cantemir"]
[Result "1-0"]
[WhiteElo "1674"]
[BlackElo "1578"]
[TimeControl "2700+45"]

1. Nf3 d5 2. g3 Nf6 3. Bg2 e6 4. d3 Bd6 5. Nbd2 O-O 6. O-O c5 7. c4 Nc6 8. a3 a5
9. Qc2 d4 10. Re1 Re8 11. Nf1 h6 12. Bd2 e5 13. e4 Bg4 14. h3 Bh5 15. Nh4 Qd7
16. Nh2 Kh7 17. Nf5 Bc7 18. Rab1 g5 19. Bf3 Ne7 20. g4 Bg6 21. Qb3 b6 22. Bd1 h5
23. Bxg5 Qe6 24. f3 Rg8 25. Nh6 Rg7 26. Bd2 hxg4 27. fxg4 Nh5 28. Nf1 Nf4 29.
Bxf4 exf4 30. Nxf7 Qxf7 31. Bf3 Rag8 32. Nh2 Qf6 33. Qd1 Qh4 34. Bg2 Qg3 35. Qf3
Bh5 36. Qxg3 fxg3 37. Nf3 Bxg4 38. hxg4 Rxg4 39. Bh3 R4g6 40. Kg2 Bf4 41. Rh1
Be3 42. Bf5+ Kg7 43. Bxg6 Kxg6 44. Nh4+ Kf6 45. Rbf1+ Bf2 46. Rh3 Rg4 47. Nf3
Kg7 48. Rfh1 Ng6 49. Rh7+ Kg8 50. R7h3 Nf4+ 51. Kf1 g2+ 52. Kxf2 Nxh3+ 53. Rxh3
Kf7 54. Ne5+ Ke6 55. Nxg4 g1=Q+ 56. Kxg1 Kd6 57. a4 Kc6 58. b3 Kd6 59. Rh6+ Kc7
60. Ne5 Kb7 61. Nd7 Ka8 62. e5 Kb7 63. Nxb6 Ka7 64. Nd5 Kb7 65. e6 Ka6 66. e7+
Kb7 67. e8=Q Ka7 68. Qe7+ {Black resigns} 1-0

[Event "Team 45 45 League T26"]
[Site "Internet Chess Club"]
[Date "2005.04.03"]
[Round "3"]
[White "pokerram"]
[Black "clarinetref"]
[Result "1/2-1/2"]
[WhiteElo "1523"]
[BlackElo "1437"]
[TimeControl "2700+45"]

1. d4 Nf6 2. c4 e6 3. Nf3 Bb4+ 4. Bd2 Bxd2+ 5. Qxd2 b6 6. Nc3 Bb7 7. Qd3 h6 8.
e4 d5 9. cxd5 exd5 10. exd5 Nxd5 11. Qe4+ Qe7 12. Qxe7+ Nxe7 13. Be2 O-O 14. Nb5
Na6 15. Rc1 Rfc8 16. O-O Nf5 17. Rfd1 c6 18. Bd3 cxb5 19. Bxf5 Rxc1 20. Rxc1 Rd8
21. Bd3 Nb4 22. Bxb5 Nxa2 23. Ra1 Nb4 24. Rxa7 Bxf3 25. gxf3 Rxd4 26. Ra8+ Kh7
27. Rb8 Rd6 28. Rb7 Rg6+ 29. Kf1 Rf6 30. Kg2 Nd5 31. Rd7 Nf4+ 32. Kg3 g6 33. Bc4
Nh5+ 34. Kg2 Kg7 35. Rb7 Nf4+ 36. Kg3 {Game drawn by mutual agreement} 1/2-1/2

[Event "Team 45 45 League T26"]
[Site "Internet Chess Club"]
[Date "2005.04.05"]
[Round "3"]
[White "GolferBob"]
[Black "Chess2Play"]
[Result "1-0"]
[WhiteElo "1779"]
[BlackElo "1715"]
[TimeControl "2700+45"]

1. d4 d5 2. Nf3 Nf6 3. Bf4 e6 4. e3 c5 5. c3 Nc6 6. Nbd2 Be7 7. Bd3 cxd4 8. exd4
b6 9. O-O Nh5 10. Be5 Nxe5 11. Nxe5 Nf6 12. Ndf3 Nd7 13. Bb5 a6 14. Bd3 Nxe5 15.
Nxe5 O-O 16. Nc6 Qc7 17. Nxe7+ Qxe7 18. Re1 b5 19. a3 Bd7 20. Qh5 g6 21. Qe5 f6
22. Qxd5 Qe8 23. Qb3 Kg7 24. Qc2 Bc6 25. Be4 Bxe4 26. Qxe4 Kf7 27. Re2 Qd7 28.
Rae1 Rfe8 29. Qh4 Kg7 30. Qh3 f5 31. Re5 Rad8 32. Qe3 Kf7 33. Rc5 Rc8 34. Rxc8
Rxc8 35. h4 Qd5 36. Qe5 Qxe5 37. Rxe5 Ke7 38. Kf1 Kd6 39. Ke2 Rb8 40. Ke3 a5 41.
Kd3 b4 42. axb4 axb4 43. c4 b3 44. Ra5 Kc6 45. Ra6+ Kd7 46. Kc3 h5 47. Ra7+ Kd6
48. Rg7 Rh8 49. Rxg6 Rh7 50. Kxb3 Rb7+ 51. Kc3 Rh7 52. b4 Rh8 53. Rg5 e5 54.
Rg6+ Ke7 55. dxe5 Rh7 56. f4 Rh8 57. c5 Ra8 58. Kc4 Ra2 59. Kb5 Rf2 60. g3 Rf3
61. Kc6 Kf7 62. Rg5 Rd3 63. b5 Ke7 64. b6 Rb3 65. Kb7 Kd7 66. c6+ {Black
resigns} 1-0

[Event "Team 45 45 League T26"]
[Site "Internet Chess Club"]
[Date "2005.04.02"]
[Round "3"]
[White "mitdale"]
[Black "vvsi"]
[Result "1-0"]
[WhiteElo "1744"]
[BlackElo "1576"]
[TimeControl "2700+45"]

1. e4 c6 2. d3 d5 3. Nd2 dxe4 4. dxe4 Nf6 5. Qe2 Bg4 6. Ngf3 Qc7 7. g3 Nbd7 8.
Bg2 Ne5 9. O-O h5 10. h3 Bxf3 11. Nxf3 Nxf3+ 12. Qxf3 O-O-O 13. Re1 h4 14. g4 e5
15. Bg5 Be7 16. Rad1 Nh7 17. Rxd8+ Rxd8 18. Bxe7 Qxe7 19. Qf5+ Qd7 20. Qxh7 Qd2
21. Qf5+ Kb8 22. Qxe5+ Ka8 23. Rf1 f6 24. Qe7 Rd7 25. Qf8+ {Black resigns} 1-0

[Event "Team 45 45 League T26"]
[Site "Internet Chess Club"]
[Date "2005.04.03"]
[Round "3"]
[White "Gardener"]
[Black "Xidnan"]
[Result "1/2-1/2"]
[WhiteElo "1562"]
[BlackElo "1493"]
[TimeControl "2700+45"]

1. d4 d5 2. Nf3 Nc6 3. e3 Bg4 4. c3 Nf6 5. Nbd2 Ne4 6. Bd3 Nxd2 7. Bxd2 e5 8.
dxe5 Nxe5 9. Be2 Bxf3 10. Bxf3 Nd3+ 11. Ke2 Ne5 12. Qa4+ c6 13. e4 Nxf3 14. gxf3
Bc5 15. Be3 Qe7 16. exd5 O-O 17. Qe4 Qxe4 18. fxe4 Bxe3 19. Kxe3 cxd5 20. exd5
Rfe8+ 21. Kd3 Rad8 22. c4 b5 23. Rhe1 bxc4+ 24. Kxc4 Rc8+ 25. Kd3 Red8 26. Re5
f6 27. Rf5 Kf7 28. Kd4 Rb8 29. b3 a6 30. Rc1 Kg6 31. Rf3 Rb5 32. Rc5 Rb4+ 33.
Rc4 Rb5 34. Rc5 Rb4+ 35. Kc3 Rh4 36. h3 Kg5 37. Rd3 f5 38. d6 Kf6 39. Ra5 Rc8+
40. Kd2 Re4 41. Rxa6 Rd8 42. Re3 Ke6 43. Rxe4+ fxe4 44. Ke3 Rf8 45. Rb6 Rf3+ 46.
Kxe4 Rxh3 47. a4 Rh4+ 48. Kf3 h5 49. b4 g5 50. a5 Rh3+ 51. Kg2 Ra3 52. Rb5 Kxd6
53. Rxg5 Ra4 54. Rxh5 Rxb4 55. Kg3 Rb3+ 56. Kg4 Rb2 57. f4 Ke6 58. Rh6+ Kd5 59.
a6 Rg2+ 60. Kf5 Rg7 61. Rg6 Ra7 62. Re6 Rf7+ 63. Rf6 Ra7 64. Kg6 Ke4 65. f5 Kd5
66. Kh6 Ke5 67. Kg6 Kd5 68. Re6 Ra8 69. Kh7 Ra7+ 70. Kh6 Rf7 71. Kg6 Ra7 72. Kg5
Rg7+ 73. Rg6 Rf7 74. Rf6 Rg7+ 75. Kh6 Ra7 76. Rg6 Ke5 77. Kg5 Kd5 78. Kh6 Ke5
79. Kg5 Kd5 80. Kh6 Ke5 81. Rb6 Kxf5 82. Kh5 Rh7+ 83. Rh6 Ra7 84. Kh4 Rg7 85.
Rb6 Ra7 86. Kg3 Ke5 87. Kf3 Kd5 88. Ke3 Kc5 89. Rh6 Kb5 90. Kd4 Rxa6 91. Rxa6
Kxa6 {Game drawn because neither player has mating material} 1/2-1/2

[Event "Team 45 45 League T26"]
[Site "Internet Chess Club"]
[Date "2005.04.01"]
[Round "3"]
[White "Colonel-Klutz"]
[Black "ChessicStudent"]
[Result "0-1"]
[WhiteElo "1419"]
[BlackElo "1544"]
[TimeControl "2700+45"]

1. e4 e6 2. d4 d5 3. Nc3 Nf6 4. e5 Nfd7 5. Bb5 c5 6. Nf3 Nc6 7. O-O a6 8. Bxc6
bxc6 9. Na4 cxd4 10. a3 c5 11. Bd2 Qc7 12. b4 cxb4 13. Bxb4 Bxb4 14. axb4 Rb8
15. Qxd4 Qxc2 16. Rfc1 Qb3 17. Qa7 Qxb4 18. Rxc8+ Rxc8 19. Qxa6 O-O 20. Qd3 Ra8
21. Qd4 Rxa4 {White resigns} 0-1